Unix NetHack Version 5.0.0-0 post-release - last build Jun 10 2026 00:39:30 (3ee93aec679c4c4259841fe613dc97188e26a321,branch:main).

Game began 2026-06-22 06:11:54, ended 2026-06-29 13:50:21.

FutureTim, lawful female human Valkyrie

  ------
 |0...*|
 |.-----
 |.S[@0|
 |%---@| |
 |(| |*|}------      ---
 |.|.|.|}}}}}}|      ..|
 |?.0|.|.....}|    ....|
 |.---.|.....}| .......|
 |.|...|..........{....+
 |.|.........}|   .....|
 |.|..)......}|        |
 |.-----}}}}}}|
 |0..|.|}------
 ---.|.| |
 |.|..0|
 |.---.|
 |.....|
 -------
FutureTim the Woman-at-arms  St:25 Dx:12 Co:18 In:6 Wi:13 Ch:8  Lawful
Dlvl:29 $:442 HP:0(119) Pw:6(6) AC:-15 Xp:13 T:24855  Satiated

Latest messages:
 What do you want to put on? [t or ?*] t
 You are now wearing a towel around your head.
 You can't see any more.
 What do you want to zap? [ozB or ?*] B
 In what direction? 6
 You hear hissing gas.
 The bolt of fire hits the kraken!
 You hear hissing gas.
 You hear hissing gas.
 You hear hissing gas.
 The bolt of fire hits the kraken!
 What do you want to throw? [$w or ?*] <enter>
 Never mind.
 What do you want to throw? [$w or ?*] B
 In what direction? 6
 The wand of fire misses.
 Plop!
 What do you want to use or apply? [gklopstz or ?*] s
 T - an uncursed wand of lightning.
 What do you want to zap? [ozT or ?*] T
 In what direction? 6
 The bolt of lightning hits the kraken!
 The bolt of lightning hits the kraken!
 What do you want to zap? [ozT or ?*] T
 In what direction? 6
 You kill the kraken!
 The bolt of lightning hits you!
 Your ring of polymorph control turns to dust and vanishes!
 Your ring of protection spins clockwise for a moment.
 You try to feel what is lying here on the stairs.
 There is a staircase down to level 29 here.
 You feel here 23 rocks.
 You have a little trouble lifting 23 rocks.  Continue? [ynq] (q) y
 You have a little trouble lifting q - 23 rocks.
 Your movements are slowed slightly because of your load.
 What do you want to drop? [$acgj-lo-qstwzMOPRT-V or ?*] q
 You drop 23 rocks.
 Your movements are now unencumbered.
 You descend the stairs.
 You try to feel what is lying here on the stairs.
 What do you want to remove? [tRU or ?*] t
 You were wearing an uncursed towel.
 You can see again.
 You meet Medusa's gaze.
 You turn to stone...
 Do you want your possessions identified? [ynq] (y) y
 Do you want to see your attributes? [ynq] (y) y
 Do you want an account of creatures vanquished? [ynaq] (y) y
 Do you want to see your conduct and achievements? [ynq] (y) y
 Do you want to see the dungeon overview? [ynq] (y) y

Inventory:
 Coins    ('$')
  $ - 442 gold pieces
 Amulets  ('"')
  U - an uncursed amulet of guarding (being worn)
 Weapons  (')')
  w - the blessed rustproof +3 Mjollnir
 Armor    ('[')
  O - an uncursed +0 helmet (being worn)
  M - an uncursed rustproof +0 pair of gauntlets of power (being worn)
  P - an uncursed +0 pair of iron shoes (being worn)
  c - an uncursed fireproof +4 small shield (being worn)
  V - a blessed thoroughly burnt +2 cloak of magic resistance (being worn)
  a - an uncursed +0 Hawaiian shirt with a bird of paradise motif (being worn)
  j - a blessed greased +2 gray dragon scale mail (being worn)
 Rings    ('=')
  R - a blessed +1 ring of protection (on right hand)
 Wands    ('/')
  z - a wand of digging (0:5)
  T - a wand of lightning (0:2)
  o - a wand of opening (0:2)
 Tools    ('(')
  s - a blessed bag of holding containing 89 items
  l - a blessed oil lamp (lit)
  p - a +0 pick-axe (weapon in right hand)
  k - an uncursed skeleton key
  t - an uncursed towel
  g - a +0 unicorn horn

Contents of the bag of holding:
  14461 gold pieces
  a cursed amulet of change
  an uncursed amulet of unchanging
  the blessed +2 Werebane
  a blessed +0 pair of gauntlets of power
  a cursed +0 cloak of invisibility
  an uncursed +0 set of green dragon scales
  17 uncursed C-rations
  11 uncursed food rations
  18 uncursed K-rations
  an uncursed lump of royal jelly
  an uncursed pancake
  2 uncursed tripe rations
  an uncursed tripe ration
  an uncursed lizard corpse
  4 uncursed lizard corpses
  an uncursed scroll of amnesia
  a cursed scroll of amnesia
  a blessed scroll of blank paper
  8 uncursed scrolls of blank paper
  a blessed scroll of confuse monster
  3 uncursed scrolls of confuse monster
  2 uncursed scrolls of destroy armor
  a blessed scroll of earth
  2 uncursed scrolls of earth
  an uncursed scroll of enchant armor
  a cursed scroll of enchant armor
  an uncursed scroll of enchant weapon
  3 uncursed scrolls of fire
  an uncursed scroll of gold detection
  5 blessed scrolls of identify
  3 uncursed scrolls of identify
  a blessed scroll of light
  4 uncursed scrolls of light
  an uncursed scroll of magic mapping
  4 uncursed scrolls of remove curse
  7 uncursed scrolls of teleportation
  an uncursed potion of booze
  3 uncursed potions of extra healing
  an uncursed potion of fruit juice
  a cursed potion of fruit juice
  a blessed potion of full healing
  a blessed potion of gain energy
  2 uncursed potions of gain level
  an uncursed potion of hallucination
  2 uncursed potions of healing
  a cursed potion of healing
  a blessed potion of levitation
  2 uncursed potions of levitation
  a cursed potion of levitation
  a cursed diluted potion of levitation
  a blessed potion of monster detection
  a cursed potion of object detection
  2 uncursed potions of paralysis
  3 uncursed potions of water
  a blessed +2 ring of gain strength
  an uncursed +1 ring of protection
  an uncursed +1 ring of protection
  an uncursed ring of regeneration
  an uncursed ring of searching
  an uncursed ring of warning
  an uncursed ring of warning
  a wand of create monster (0:11)
  a wand of create monster (0:4)
  a wand of digging (0:4)
  a cursed wand of digging (0:7)
  a wand of enlightenment (0:9)
  a wand of lightning (0:5)
  a wand of lightning (0:5)
  a wand of magic missile (0:6)
  a wand of make invisible (0:7)
  a wand of opening (1:6)
  a wand of polymorph (0:7)
  a wand of polymorph (0:5)
  a wand of secret door detection (0:15)
  a wand of sleep (0:4)
  a wand of stasis (0:3)
  a wand of striking (0:6)
  a wand of striking (0:4)
  a wand of teleportation (0:5)
  a wand of teleportation (0:2)
  an uncursed bugle
  an uncursed bugle
  a blessed magic marker (0:0)
  3 uncursed tallow candles
  6 uncursed wax candles
  2 uncursed opals
  an uncursed worthless piece of red glass
  2 uncursed worthless pieces of violet glass

FutureTim the Valkyrie's attributes:

Background:
 You were a Woman-at-arms, a level 13 human Valkyrie.
 You were lawful, on a mission for Tyr
 who was opposed by Odin (neutral) and Loki (chaotic).
 You were right-handed.
 You were in the Dungeons of Doom, on level 29.
 You entered the dungeon 24855 turns ago.
 There was a full moon in effect when your adventure ended.
 You had 45109 experience points, 34891 more were needed to attain level 14.

Basics:
 You had 0 out of 119 hit points.
 You had all 6 energy points (spell power).
 Your armor class was -15.
 Your wallet contained 442 zorkmids, and
 you had 14461 more stashed away in your pack.
 Autopickup was off.

Final Characteristics:
 Your strength was 25 (base:18/21, innate limit:18/100).
 Your dexterity was 12 (peak:13, limit:18).
 Your constitution was 18 (limit:18).
 Your intelligence was 6 (peak:10, limit:18).
 Your wisdom was 13 (limit:18).
 Your charisma was 8 (limit:18).

Final Status:
 You were satiated.
 You were unencumbered.
 You were wielding a pick-axe.
 You were unskilled in pick-axe.

Final Attributes:
 You were piously aligned.
 You were magic-protected.
 You were fire resistant.
 You were cold resistant.
 You were sleep resistant.
 You were disintegration resistant.
 You were poison resistant.
 You were telepathic.
 You were stealthy.
 You had a small defense bonus (+3).
 You were protected.
 You were fast.
 You were lucky.
 You are dead.

Miscellaneous:
 You encountered 3 bones levels.
 Total elapsed playing time was 8 hours, 53 minutes and 54 seconds.

Major events:
 Turn
    1: FutureTim the lawful human Valkyrie entered the dungeon
 1081: attained the rank of Skirmisher (level 3)
 3771: entered the Gnomish Mines
 4099: attained the rank of Fighter (level 6)
 4801: reached Mine Town
 6559: read a Discworld novel
10570: entered Sokoban
11044: was bestowed with Mjollnir by Tyr
12119: was bestowed with Ogresmasher by Tyr
13296: attained the rank of Woman-at-arms (level 10)
15627: entered Home 1, the Quest
19540: found Sunsword on the floor
20558: was bestowed with Werebane by Tyr
24855: petrified by Medusa

Spells:
 Name                 Level Category     Fail Retention
 haste self             3   escape       100%    (gone)

Skills:
 Fighting Skills
   bare handed combat [Unskilled]
   two weapon combat  [Unskilled]
   riding             [Unskilled]
 Weapon Skills
   dagger             [Basic]
   axe                [Unskilled]
   pick-axe           [Unskilled]
   short sword        [Unskilled]
   broadsword         [Unskilled]
   long sword         [Unskilled]
   two-handed sword   [Unskilled]
   saber              [Unskilled]
   hammer             [Expert]
   quarterstaff       [Unskilled]
   polearms           [Unskilled]
   spear              [Expert]
   trident            [Unskilled]
   lance              [Unskilled]
   sling              [Unskilled]
 Spellcasting Skills
   attack spells      [Unskilled]
   escape spells      [Unskilled]

Voluntary challenges:
 Character rerolling was not enabled.
 You never genocided any monsters.
 You never polymorphed an object.
 You used no wishes.
 You did not violate any of the special Sokoban rules.
Achievements:
 You entered a shop.
 You attained the rank of Skirmisher.
 You entered the Gnomish Mines.
 You attained the rank of Fighter.
 You entered Minetown.
 You entered a temple.
 You read from a Discworld novel.
 You entered Sokoban.
 You attained the rank of Woman-at-arms.

 The Dungeons of Doom: levels 1 to 29
    Level 1:
    Level 2:
       A scroll shop, a fountain.
       Stairs down to The Gnomish Mines.
    Level 3:
       A potion shop, a fountain.
    Level 4:
       A fountain.
    Level 5:
       Some fountains.
       Oracle of Delphi.
    Level 6:
       An altar to Tyr.
       Stairs up to Sokoban, level 5.
    Level 7:
       A sink.
    Level 8:
       An altar, a fountain.
       Final resting place for
          darkoort-Kni-Hum-Mal-Law, killed by a giant beetle.
    Level 9:
       A temple and an altar, a sink, a grave.
    Level 10:
    Level 11:
    Level 12:
       A sink.
       Summoned by the Norn.
       Portal to The Quest.
    Level 13:
       An altar, a fountain.
    Level 14:
    Level 15:
       A fountain.
    Level 16:
       A primitive area.
    Level 17:
       An armor shop.
    Level 18:
       A general store, a fountain, a grave.
    Level 19:
       A grave.
    Level 20:
       An altar to Tyr, a grave.
       Final resting place for
          sully-Bar-Hum-Mal-Cha, killed by a blue jelly.
    Level 21:
       A potion shop.
    Level 22:
       A fountain.
    Level 23:
       A fountain.
    Level 24:
       A temple and some altars.
    Level 25:
    Level 26:
       A throne, a fountain.
    Level 27:
    Level 28:
       Many trees.
    Level 29: <- You were here.
       A fountain.
       The castle.
       Final resting place for
          you, petrified by Medusa.
 The Gnomish Mines: levels 3 to 6
    Level 3:
    Level 4:
    Level 5:
    Level 6:
       Some shops, a temple and an altar to Tyr, some fountains, a grave, some trees.
       Final resting place for
          IanCurtis-Wiz-Elf-Mal-Cha, killed by a dwarf.
 The Quest:
    Level 1:
       A fountain.
       Home.
 Sokoban:
    Level 5:
       Unsolved.


Vanquished creatures:
  a kraken
  2 purple worms
  a black dragon
  a blue dragon
  a green dragon
  a demilich
 an Olog-hai
  a genetic engineer
  2 captains
  2 nurses
  a lurker above
  3 black puddings
  4 lieutenants
  5 ghosts
  2 queen bees
  a winged gargoyle
  3 mind flayers
  2 giant mimics
  4 long worms
  3 zruties
 an ogre tyrant
  2 ice trolls
 an umber hulk
  2 flesh golems
 an elven monarch
  4 large mimics
  2 stalkers
  2 earth elementals
  a water elemental
  a hill giant
  2 giant mummies
  5 sergeants
  8 wargs
  a winter wolf
 10 small mimics
  a warhorse
  a xan
 an ettin mummy
  2 ogre leaders
  a quantum mechanic
  3 trolls
  a gelatinous cube
  2 pyrolisks
  3 large dogs
  2 flaming spheres
  4 large cats
  a tiger
  a gargoyle
  4 ochre jellies
  2 mountain centaurs
  5 human mummies
  a red naga
  2 pythons
  2 pit vipers
  a wraith
  a carnivorous ape
 an ettin zombie
  a leather golem
  a Grey-elf
 31 soldiers
 an amorous demon
  7 chameleons
  5 giant beetles
  6 quivering blobs
  5 cockatrices
  a wolf
  9 winter wolf cubs
  a panther
  a gremlin
  2 spotted jellies
  4 leprechauns
 an orc-captain
  6 iron piercers
  a mumak
 11 giant spiders
  3 horses
  2 vampire bats
  2 orc mummies
  3 dwarf mummies
  8 ogres
  4 brown puddings
 an owlbear
  5 yetis
  2 werewolves
  2 Green-elves
  3 giant eels
  8 lizards
  a chickatrice
  3 dingoes
  2 dogs
  a housecat
  4 jaguars
  3 blue jellies
  a white unicorn
  a gray unicorn
  a black unicorn
  a dust vortex
  6 ravens
  3 plains centaurs
  3 gnome mummies
  2 snakes
  7 apes
  4 human zombies
  5 Woodland-elves
 13 soldier ants
  9 fire ants
  a bugbear
 an imp
  2 mountain nymphs
 16 Mordor orcs
 16 Uruk-hai
  7 rock piercers
  6 rock moles
  5 ponies
  3 fog clouds
  3 yellow lights
  4 shriekers
  3 violet fungi
  9 gnome leaders
  3 gnomish wizards
  2 kobold mummies
  a gray ooze
  2 elf zombies
  a baby crocodile
  5 giant ants
  2 little dogs
 10 floating eyes
  7 dwarves
  3 homunculi
  a kobold leader
  4 hill orcs
 20 rothes
  a rabid rat
  2 centipedes
  6 giant bats
 an orc zombie
  4 dwarf zombies
  7 wererats
  2 werejackals
 12 iguanas
 25 killer bees
  2 acid blobs
  3 gas spores
  2 hobbits
  4 manes
  2 large kobolds
  4 hobgoblins
  2 giant rats
  7 cave spiders
  a brown mold
  5 yellow molds
  2 green molds
  a red mold
 34 gnomes
 10 garter snakes
  a gnome zombie
 10 geckos
  8 jackals
  2 foxes
  3 kobolds
  5 goblins
 12 sewer rats
  3 grid bugs
 11 lichens
  4 kobold zombies
 14 newts
682 creatures vanquished.

No species were genocided or became extinct.

Game over:
                       ----------
                      /          \
                     /    REST    \
                    /      IN      \
                   /     PEACE      \
                  /                  \
                  |    FutureTim     |
                  |     14903 Au     |
                  |   petrified by   |
                  |      Medusa      |
                  |                  |
                  |                  |
                  |       2026       |
                 *|     *  *  *      | *
        _________)/\\_//(\/(/\)/\//\/|_)_______

Farvel FutureTim the Valkyrie...

You turned to stone in The Dungeons of Doom on dungeon level 29 with 187991 points,
and 14903 pieces of gold, after 24855 moves.
You were level 13 with a maximum of 119 hit points when you turned to stone.

